[Event "Titled Tuesday Blitz May 23 Late 2023"]
[White "Rodriguez Santiago, Jaime"]
[Black "Ibadov, Dashgyn"]
[WhiteFideId "3100898"]
[BlackFideId "24107514"]
[WhiteElo "2025"]
[BlackElo "2208"]
[Result "0-1"]
[Round "07"]
[TimeControl "180+2"]
[Date "2023.05.23"]
[WhiteClock "0:00:01"]
[BlackClock "0:00:12"]

1. d4 d5 2. c4 e6 3. Nc3 c6 4. cxd5 exd5 5. Bf4 Nf6 6. e3 Be7 7. Bd3 Bg4 8. Nge2 Nbd7 9. h3 Bh5 10. Qc2 Bg6 11. O-O Bxd3 12. Qxd3 O-O 13. Rab1 Re8 14. b4 a6 15. a4 Nb6 16. b5 axb5 17. axb5 Nc4 18. bxc6 bxc6 19. Rfc1 Ra3 20. Qc2 h6 21. Rb3 Rxb3 22. Qxb3 Bd6 23. Qb7 Bxf4 24. Nxf4 Qd6 25. Nd3 Rb8 26. Qa7 Rb3 27. Nc5 Rb2 28. Nd1 Re2 29. Kf1 Rd2 30. Ke1 Rxd1+ 31. Rxd1 Qh2 32. Qa8+ Kh7 33. Qxc6 Qxg2 34. Ke2 Qxh3 35. Nd3 Qg4+ 36. Ke1 Ne4 37. Qxd5 Qg1+ 38. Ke2 Nc3+ 39. Kf3 Qxd1+ 40. Kg2 Nxd5 41. Nf4 Nxf4+ 42. exf4 Qxd4 0-1


[Site "https://www.chess.com"]

[Event "Titled Tuesday Blitz May 23 Late 2023"]
[White "Toncheva, Nadya"]
[Black "Dubreuil, Julien"]
[WhiteFideId "2924056"]
[BlackFideId "621285"]
[WhiteElo "2101"]
[BlackElo "2318"]
[Result "1-0"]
[Round "07"]
[TimeControl "180+2"]
[Date "2023.05.23"]
[WhiteClock "0:00:08"]
[BlackClock "0:00:02"]

1. e4 c5 2. c3 Nf6 3. e5 Nd5 4. Nf3 Nc6 5. Bc4 Nb6 6. Bb3 d6 7. exd6 Qxd6 8. O-O e6 9. d4 cxd4 10. cxd4 Be7 11. Nc3 O-O 12. a3 Bf6 13. Be3 Nd5 14. Ne4 Qd8 15. Bc2 b6 16. Qd3 g6 17. Nxf6+ Qxf6 18. Bg5 Qg7 19. Qd2 Re8 20. Ba4 Bb7 21. Rac1 Rec8 22. Rfe1 Na5 23. Ne5 f6 24. Bh6 Qe7 25. Nf3 Nc4 26. Qe2 Kf7 27. Bb3 b5 28. h4 Ncb6 29. Rcd1 Qd6 30. Ne5+ Kg8 31. Ng4 Re8 32. Qxb5 Qc6 33. Qxc6 Bxc6 34. Ne3 Nxe3 35. Bxe3 Bd5 36. Bxd5 Nxd5 37. Bd2 Rec8 38. Rc1 Kf7 39. b4 Ke7 40. Kf1 Kd7 41. Ke2 a6 42. Kd3 Kd6 43. g3 Rab8 44. Rh1 h5 45. Rhe1 Ra8 46. Rxc8 Rxc8 47. Rc1 Rxc1 48. Bxc1 Nb6 49. Kc3 Kd5 50. f3 Nc4 51. a4 Nb6 52. Kb3 Nd7 53. Bb2 Nb6 54. b5 a5 55. Bc3 Nc4 56. Kc2 e5 57. dxe5 fxe5 58. Kd3 Nb6 59. Bxa5 Nxa4 60. Bb4 Nb2+ 61. Ke2 Nc4 62. Bc3 Na3 63. b6 Nb5 64. b7 Nxc3+ 65. Kd3 Na4 66. b8=Q Nc5+ 67. Ke2 Ne6 68. Qg8 Kd6 69. Qxg6 Kd5 70. Qxh5 Nd4+ 71. Kf2 1-0


[Site "https://www.chess.com"]

[Event "Titled Tuesday Blitz May 23 Late 2023"]
[White "Remolar Gallen, Jose"]
[Black "Zampronha, Wladimir Camilo"]
[WhiteFideId "2215187"]
[BlackFideId "2103087"]
[WhiteElo "2223"]
[BlackElo "2176"]
[Result "0-1"]
[Round "07"]
[TimeControl "180+2"]
[Date "2023.05.23"]
[WhiteClock "0:00:17"]
[BlackClock "0:00:17"]

1. d4 Nf6 2. e3 e6 3. Nf3 b6 4. Bd3 Bb7 5. Nbd2 c5 6. O-O d5 7. b3 Nbd7 8. Bb2 Bd6 9. Qe2 O-O 10. Rad1 Qe7 11. Ne5 Rfd8 12. f4 Rac8 13. Ndf3 Ne4 14. Bxe4 dxe4 15. Ng5 f6 16. Nxd7 Rxd7 17. Nh3 c4 18. bxc4 Ba6 19. Rf2 Bxc4 20. Qg4 f5 21. Qh5 Bxa2 22. g4 g6 23. Qh6 Qf8 24. Qh4 Be7 25. Ng5 Bxg5 26. fxg5 Bd5 27. Qg3 Rdc7 28. c3 b5 29. h4 a5 30. Ra1 b4 31. cxb4 axb4 32. h5 Rc2 33. hxg6 hxg6 34. gxf5 Rxf2 35. Qxf2 Qxf5 36. Qg3 Qf3 37. Qxf3 exf3 38. e4 Bxe4 39. d5 Bxd5 40. Ra7 Rc2 41. Bd4 Rg2+ 42. Kf1 Bc4+ 43. Ke1 Re2+ 44. Kd1 f2 45. Bxf2 Rxf2 46. Ra4 Bb3+ 47. Ke1 Bxa4 48. Kxf2 Kf7 0-1


[Site "https://www.chess.com"]

[Event "Titled Tuesday Blitz May 23 Late 2023"]
[White "Moral Garcia, Serafin"]
[Black "Cooklev, Steven"]
[WhiteFideId "2201925"]
[BlackFideId "2050552"]
[WhiteElo "2274"]
[BlackElo "2310"]
[Result "1-0"]
[Round "07"]
[TimeControl "180+2"]
[Date "2023.05.23"]
[WhiteClock "0:00:19"]
[BlackClock "0:00:09"]

1. c4 e5 2. Nc3 Nc6 3. g3 f5 4. Bg2 Nf6 5. e3 d5 6. cxd5 Nb4 7. d4 e4 8. f3 Nd3+ 9. Kf1 Bd6 10. fxe4 fxe4 11. Bxe4 Nxe4 12. Nxe4 O-O+ 13. Kg2 Bf5 14. Nc3 Qe7 15. Nf3 Be4 16. Rf1 Rf6 17. Kg1 Raf8 18. Nd2 Bg6 19. Qe2 c5 20. dxc6 bxc6 21. Nf3 Bh5 22. Qxd3 Bg6 23. e4 c5 24. Bg5 cxd4 25. Bxf6 Qxf6 26. Nd5 Qd8 27. Nxd4 Be5 28. Rxf8+ Qxf8 29. Rf1 Qd6 30. Nf5 h6 31. Nxd6 Bxd6 32. Nf4 1-0


[Site "https://www.chess.com"]

[Event "Titled Tuesday Blitz May 23 Late 2023"]
[White "Kim, Sergey"]
[Black "Kostiukov, Alexandr"]
[WhiteFideId "13700570"]
[BlackFideId "14108100"]
[WhiteElo "2476"]
[BlackElo "2202"]
[Result "1-0"]
[Round "07"]
[TimeControl "180+2"]
[Date "2023.05.23"]
[WhiteClock "0:00:48"]
[BlackClock "0:00:00"]

1. d4 g6 2. c4 Bg7 3. Nc3 d6 4. e4 e5 5. Nge2 exd4 6. Nxd4 Nc6 7. Nxc6 bxc6 8. Be2 Ne7 9. O-O O-O 10. Be3 c5 11. Qd2 Be6 12. Bh6 Nc6 13. Bxg7 Kxg7 14. f4 Nd4 15. Bd3 f5 16. Rae1 Qd7 17. e5 Rfe8 18. Qf2 Rab8 19. b3 Bg8 20. Qg3 Re7 21. Ne2 dxe5 22. fxe5 Nxe2+ 23. Rxe2 Be6 24. Kh1 Rd8 25. Qg5 Rf7 26. Bc2 Qe7 27. Qg3 Rd4 28. Ref2 Kh8 29. Qe3 Qd7 30. h3 Kg7 31. Qg3 Kh8 32. Qg5 Qd8 33. Qh6 Qf8 34. Qe3 Qd8 35. Qc3 Kg8 36. Qa5 1-0


[Site "https://www.chess.com"]

[Event "Titled Tuesday Blitz May 23 Late 2023"]
[White "Goncalves, Davi Sulzbacher"]
[Black "Luxama, Jacques Muller"]
[WhiteFideId "2154510"]
[BlackFideId "11900113"]
[WhiteElo "2182"]
[BlackElo "1931"]
[Result "1-0"]
[Round "07"]
[TimeControl "180+2"]
[Date "2023.05.23"]
[WhiteClock "0:00:07"]
[BlackClock "0:00:18"]

1. Nf3 Nf6 2. Nc3 g6 3. e4 Bg7 4. e5 Ng8 5. d4 d6 6. Bf4 a6 7. Bc4 e6 8. d5 b5 9. Bb3 dxe5 10. Nxe5 b4 11. Ne4 Ne7 12. Ba4+ Kf8 13. Nxf7 Kxf7 14. dxe6+ Bxe6 15. Ng5+ Kf6 16. Qe2 Qd5 17. Bb3 Qf5 18. g4 Qxf4 19. Qxe6+ Kxg5 20. h4+ Kh6 21. g5+ Kh5 22. Qe2+ Qg4 23. Bc4 Nf5 24. O-O-O Nc6 25. Rdg1 Ne5 26. Rxg4 Nxg4 27. Rg1 Nh6 28. Rxg4 Nxg4 29. Be6 Bxb2+ 30. Kxb2 Kxh4 31. Qxg4# 1-0


[Site "https://www.chess.com"]

[Event "Titled Tuesday Blitz May 23 Late 2023"]
[White "KVAIDAN"]
[Black "Srdanovic, Jovana"]
[BlackFideId "954810"]
[WhiteElo "2292"]
[BlackElo "2169"]
[Result "0-1"]
[Round "07"]
[TimeControl "180+2"]
[Date "2023.05.23"]
[WhiteClock "0:01:36"]
[BlackClock "0:00:15"]

1. f4 Nh6 2. Nf3 d5 3. e3 g6 4. Be2 Bg7 5. O-O O-O 6. d3 Nc6 7. Qe1 e5 8. fxe5 Nxe5 9. Nxe5 Bxe5 10. c3 Qd6 11. h3 Bh2+ 12. Kh1 Nf5 13. Rf3 Ng3+ 14. Kxh2 Nxe2+ 15. Kh1 Nxc1 16. Qxc1 c5 17. Nd2 b5 18. Nf1 Bb7 19. Rf4 Rac8 20. Qd2 d4 21. cxd4 cxd4 22. Rxd4 Qe6 23. Kg1 Rfd8 24. Rxd8+ Rxd8 25. a3 Qd5 26. Rd1 Rc8 27. e4 Qb3 28. Ne3 a5 29. Rf1 b4 30. axb4 axb4 31. Qf2 Rf8 32. Qd2 Ba6 33. Rd1 Rd8 34. Nd5 Bb7 35. Qxb4 Qxd1+ 36. Kh2 Bxd5 37. Qa5 Rf8 38. Qxd5 Qd2 39. b4 Qf4+ 40. Kg1 Rc8 0-1


[Site "https://www.chess.com"]

[Event "Titled Tuesday Blitz May 23 Late 2023"]
[White "Wang, Alexander J"]
[Black "merinasian"]
[WhiteFideId "30955270"]
[WhiteElo "2279"]
[BlackElo "2444"]
[Result "0-1"]
[Round "07"]
[TimeControl "180+2"]
[Date "2023.05.23"]
[WhiteClock "0:00:10"]
[BlackClock "0:00:20"]

1. e4 c6 2. d4 d5 3. f3 Qb6 4. Nc3 dxe4 5. fxe4 e5 6. Nf3 exd4 7. Qxd4 Qxd4 8. Nxd4 Bd6 9. Nf3 Bg4 10. Bc4 Nd7 11. O-O Bxf3 12. gxf3 Ne5 13. Be2 Ne7 14. f4 Bc5+ 15. Kh1 N5g6 16. f5 Ne5 17. Bf4 Bd6 18. Rad1 Bc7 19. a4 Rd8 20. Rxd8+ Kxd8 21. Rg1 Rg8 22. Rd1+ Kc8 23. Kg2 g5 24. Bg3 f6 25. Nb1 Rh8 26. Nd2 h5 27. h3 h4 28. Bh2 Rg8 29. Nf3 Nxf3 30. Bxf3 Bxh2 31. Kxh2 Rd8 32. Rxd8+ Kxd8 33. Kg2 Kd7 34. Kf2 Kd6 35. Ke3 Ke5 36. c3 Nc8 37. b4 Nb6 38. a5 Nc4+ 39. Kd3 Nd6 40. c4 b6 41. axb6 axb6 42. c5 bxc5 43. bxc5 Nb5 44. Bd1 Nd4 45. Ba4 g4 46. hxg4 h3 0-1


[Site "https://www.chess.com"]

[Event "Titled Tuesday Blitz May 23 Late 2023"]
[White "MunichMouse"]
[Black "D`Arruda, Ricardo D."]
[BlackFideId "100692"]
[WhiteElo "2274"]
[BlackElo "2430"]
[Result "0-1"]
[Round "07"]
[TimeControl "180+2"]
[Date "2023.05.23"]
[WhiteClock "0:00:00"]
[BlackClock "0:00:26"]

1. d4 Nf6 2. c4 e5 3. dxe5 Ne4 4. a3 Nc6 5. Nf3 d6 6. exd6 Bxd6 7. Nbd2 Bf5 8. Nxe4 Bxe4 9. Bg5 f6 10. Bh4 Qe7 11. Bg3 O-O-O 12. Qa4 Bxg3 13. hxg3 Bxf3 14. gxf3 Rhe8 15. e3 Nd4 16. Bg2 Kb8 17. O-O-O Nc6 18. f4 Qc5 19. Bxc6 bxc6 20. Rxd8+ Rxd8 21. Rxh7 Qf5 22. Qb3+ Ka8 23. Rh1 Qe4 24. Rd1 Rb8 25. Qc2 Qf3 26. Rd7 g5 27. Qd1 Qxf2 28. Qd2 Qf1+ 29. Kc2 Qxc4+ 30. Kb1 gxf4 31. gxf4 Qe4+ 32. Ka2 Qe6+ 33. Ka1 Rh8 34. Rd8+ Rxd8 35. Qxd8+ Kb7 36. Qd4 f5 37. Kb1 a5 38. Kc2 Qg6 39. Kc3 Qg1 40. Kb3 Qb1 41. Ka4 Qc2+ 42. Kxa5 c5 0-1


[Site "https://www.chess.com"]

[Event "Titled Tuesday Blitz May 23 Late 2023"]
[White "Magallanes, Rey Jomar"]
[Black "Vega Gutierrez, Sabrina"]
[WhiteFideId "5205948"]
[BlackFideId "2219026"]
[WhiteElo "2276"]
[BlackElo "2209"]
[Result "0-1"]
[Round "07"]
[TimeControl "180+2"]
[Date "2023.05.23"]
[WhiteClock "0:01:35"]
[BlackClock "0:00:50"]

1. e4 c5 2. Nf3 e6 3. d4 cxd4 4. Nxd4 Nf6 5. Nc3 d6 6. Be2 Be7 7. g4 d5 8. e5 Nfd7 9. Bf4 Nc6 10. Nxc6 bxc6 11. Qd2 Rb8 12. O-O-O Nc5 13. h4 Qb6 14. b3 a5 15. Be3 Qb4 16. Kb2 a4 17. a3 Nd3+ 18. Qxd3 Qxa3+ 19. Kb1 axb3 20. Bc1 b2 21. Bxb2 Qxb2# 0-1


[Site "https://www.chess.com"]

[Event "Titled Tuesday Blitz May 23 Late 2023"]
[White "Mikhalsky, Vladimir"]
[Black "Simonovic, Miroslav"]
[WhiteFideId "14144352"]
[BlackFideId "919152"]
[WhiteElo "2236"]
[BlackElo "2042"]
[Result "1-0"]
[Round "07"]
[TimeControl "180+2"]
[Date "2023.05.23"]
[WhiteClock "0:00:33"]
[BlackClock "0:00:05"]

1. d4 Nf6 2. c4 c5 3. d5 b5 4. f3 bxc4 5. e4 d6 6. Bxc4 g6 7. b3 Bg7 8. Bb2 O-O 9. Ne2 Ba6 10. Nd2 Bxc4 11. Nxc4 Nbd7 12. O-O Qc7 13. Bc3 a5 14. a4 Rfb8 15. Rb1 Ne8 16. Bxg7 Kxg7 17. Nc3 Nb6 18. Nb5 Qd7 19. Qd2 Nc7 20. Nxc7 Nxc4 21. bxc4 Qxc7 22. Rb5 Rxb5 23. axb5 a4 24. Ra1 Qa5 25. Qxa5 Rxa5 26. Ra3 Kf6 27. f4 h5 28. Kf2 h4 29. Kf3 g5 30. Kg4 gxf4 31. Kxf4 e6 32. dxe6 fxe6 33. e5+ dxe5+ 34. Ke4 Ra8 35. g4 hxg3 36. hxg3 Ra7 37. g4 Rg7 38. Rxa4 Rxg4+ 39. Kf3 Rd4 40. b6 Rd8 41. Ra5 Rb8 42. Rb5 Rb7 43. Ke4 Ke7 44. Kxe5 Kd7 45. Rxc5 Rxb6 46. Ra5 Rc6 47. c5 Rc7 48. Kd4 Kc6 49. Ra6+ Kb5 50. Rb6+ Ka5 51. Rxe6 Rc8 52. Rb6 Rd8+ 53. Kc4 Rg8 54. Rb1 Rg2 55. Kd5 Rg5+ 56. Kd4 Rg4+ 57. Ke5 Rg5+ 58. Kd6 Rg6+ 59. Kc7 Rg7+ 60. Kb8 Rg8+ 61. Ka7 Rg7+ 62. Rb7 Rg5 63. c6 Rc5 64. c7 Rxc7 65. Rxc7 Kb5 66. Kb7 Kb4 1-0


[Site "https://www.chess.com"]

[Event "Titled Tuesday Blitz May 23 Late 2023"]
[White "olga-belka"]
[Black "Szyszylo, Rafal"]
[BlackFideId "1109626"]
[WhiteElo "2262"]
[BlackElo "1951"]
[Result "1-0"]
[Round "07"]
[TimeControl "180+2"]
[Date "2023.05.23"]
[WhiteClock "0:00:25"]
[BlackClock "0:00:00"]

1. e4 d6 2. d4 g6 3. Nc3 Nf6 4. Nf3 Bg7 5. Be2 O-O 6. O-O Bg4 7. h3 Bxf3 8. Bxf3 e5 9. Be3 Nc6 10. Ne2 Qe7 11. d5 Nb8 12. c4 Nbd7 13. Nc3 a5 14. b3 b6 15. a3 Ne8 16. b4 f5 17. Qc1 Ndf6 18. Bg5 Qf7 19. Bxf6 Nxf6 20. Qd2 f4 21. c5 g5 22. cxd6 cxd6 23. Nb5 Qe7 24. Rfc1 h5 25. Rc7 Qd8 26. Rc6 g4 27. hxg4 hxg4 28. Bd1 Nxe4 29. Qc2 Nf6 30. Rxd6 Qe8 31. Re6 Qxb5 32. bxa5 Qxd5 33. Rxb6 Qxa5 34. Qb3+ Kh8 35. Bc2 Rac8 36. Bg6 Qc3 37. Qb1 e4 38. Rb7 e3 39. f3 gxf3 40. gxf3 e2 41. Kg2 Qe5 42. Qh1+ Kg8 43. Qh4 e1=Q 44. Rxe1 Qd5 45. Ree7 Qd2+ 46. Kh3 1-0


[Site "https://www.chess.com"]

[Event "Titled Tuesday Blitz May 23 Late 2023"]
[White "lluiss"]
[Black "Vaglio Munoz, Jaime"]
[BlackFideId "6500145"]
[WhiteElo "2259"]
[BlackElo "2199"]
[Result "0-1"]
[Round "07"]
[TimeControl "180+2"]
[Date "2023.05.23"]
[WhiteClock "0:00:00"]
[BlackClock "0:00:56"]

1. Nf3 c6 2. d4 Qa5+ 3. c3 d6 4. g3 Nf6 5. Bg2 Qh5 6. Nbd2 Bh3 7. Bxh3 Qxh3 8. Qb3 Qc8 9. e4 e6 10. e5 dxe5 11. Nxe5 Nbd7 12. Ndf3 Bd6 13. Bf4 Qc7 14. Nxd7 Nxd7 15. Bxd6 Qxd6 16. Qxb7 Rb8 17. Qxa7 Rxb2 18. O-O O-O 19. Rfb1 Rfb8 20. Rxb2 Rxb2 21. Qa8+ Rb8 22. Qa4 h6 23. Qc2 c5 24. a4 cxd4 25. cxd4 Nb6 26. a5 Nd5 27. Ne5 Qa6 28. Qc4 Qa8 29. Qc6 Qa7 30. Nd7 Rd8 31. Nb6 Qa6 32. Qc5 Nf6 33. Rc1 Qe2 34. Qc2 Qh5 35. Kg2 Qxa5 36. Nc4 Qd5+ 37. Kg1 Qxd4 38. Ne3 Nd5 39. Nxd5 Rxd5 40. Qc8+ Kh7 41. Qc2+ g6 42. Qc3 Qe4 43. Qc2 Qf3 44. Qc3 Rd3 45. Qc7 h5 46. Qc5 h4 47. gxh4 Qg4+ 0-1


[Site "https://www.chess.com"]

[Event "Titled Tuesday Blitz May 23 Late 2023"]
[White "Cardozo Munar, Carlos Eduardo"]
[Black "Bogaudinov, Rushan"]
[WhiteFideId "4409477"]
[BlackFideId "4129288"]
[WhiteElo "2067"]
[BlackElo "1941"]
[Result "1-0"]
[Round "07"]
[TimeControl "180+2"]
[Date "2023.05.23"]
[WhiteClock "0:00:29"]
[BlackClock "0:00:00"]

1. e4 a6 2. g3 h5 3. Bg2 h4 4. d4 d6 5. c3 h3 6. Bf3 Nc6 7. Ne2 Nf6 8. O-O Bg4 9. Bxg4 Nxg4 10. Nf4 Nf6 11. Re1 e5 12. Nd5 Be7 13. Na3 O-O 14. Nc4 exd4 15. cxd4 Nxd5 16. exd5 Nb8 17. Qg4 Bf6 18. Be3 Qc8 19. Qxc8 Rxc8 20. Rac1 Nd7 21. Na5 Rab8 22. b4 Nb6 23. b5 axb5 24. Rb1 Nc4 25. Nxc4 bxc4 26. Rb4 b5 27. Reb1 Ra8 28. R1b2 Rcb8 29. Kf1 Ra3 30. Ke2 Rba8 31. Rxb5 Rxa2 32. Rb8+ Rxb8 33. Rxa2 Rb3 34. Rc2 c3 35. Kd3 Kf8 36. Rxc3 Rxc3+ 37. Kxc3 Ke7 38. f3 Kd7 39. Kc4 Kc8 40. Kd3 Kb7 41. Ke4 Kb6 42. g4 Bh4 43. Kf4 Kb5 44. g5 Kc4 45. Kg4 Be1 46. Kxh3 Kxd5 47. Kg4 Kc4 48. h4 g6 49. f4 Kd3 50. Bg1 Bc3 51. f5 Bxd4 52. Bxd4 Kxd4 53. h5 gxh5+ 54. Kxh5 c5 55. g6 fxg6+ 56. fxg6 c4 57. g7 c3 58. g8=Q c2 59. Qg1+ Kc3 60. Qc1 d5 61. Kg4 d4 62. Kf3 Kd3 63. Kf2 Kc3 64. Ke2 d3+ 65. Ke3 Kc4 66. Kd2 Kb3 67. Qa1 Kb4 68. Qc3+ 1-0


[Site "https://www.chess.com"]

[Event "Titled Tuesday Blitz May 23 Late 2023"]
[White "Chlpik, Martin"]
[Black "Davidson, Kevin"]
[WhiteFideId "14923351"]
[BlackFideId "2056810"]
[WhiteElo "2109"]
[BlackElo "2151"]
[Result "1-0"]
[Round "07"]
[TimeControl "180+2"]
[Date "2023.05.23"]
[WhiteClock "0:00:02"]
[BlackClock "0:00:00"]

1. c4 Nf6 2. Nc3 g6 3. Nf3 Bg7 4. h4 d6 5. h5 Nxh5 6. e4 c5 7. d4 cxd4 8. Nxd4 Nf6 9. Be2 Nc6 10. Be3 Bd7 11. Qd2 Ng4 12. Nxc6 bxc6 13. Bxg4 Bxg4 14. Bd4 e5 15. Be3 h5 16. f3 Be6 17. b3 Qa5 18. Kf2 Rd8 19. g4 hxg4 20. Rxh8+ Bxh8 21. Rh1 Bf6 22. Bg5 Bxg5 23. Qxg5 Kd7 24. Nd5 cxd5 25. cxd5 Bxd5 26. exd5 Qxd5 27. Qxg4+ Qe6 28. Qa4+ Ke7 29. Qxa7+ Rd7 30. Qa8 Rd8 31. Qb7+ Qd7 32. Qd5 Rc8 33. Rh7 Qe6 34. Qb7+ Kf6 35. Rxf7+ Qxf7 36. Qxc8 Qa7+ 37. Kg2 Qxa2+ 38. Kg3 Qxb3 39. Qf8+ Qf7 40. Qxd6+ Qe6 41. Qf8+ Kg5 42. Qh8 1-0


[Site "https://www.chess.com"]

[Event "Titled Tuesday Blitz May 23 Late 2023"]
[White "ritanovikova"]
[Black "Gerbelli Neto, Eduardo"]
[BlackFideId "2103281"]
[WhiteElo "2171"]
[BlackElo "2178"]
[Result "1/2-1/2"]
[Round "07"]
[TimeControl "180+2"]
[Date "2023.05.23"]
[WhiteClock "0:00:08"]
[BlackClock "0:00:11"]

1. e4 e5 2. Nf3 Nc6 3. Bc4 Nf6 4. Ng5 d5 5. exd5 Nd4 6. Bb5+ Nxb5 7. c4 Nd4 8. d3 Bg4 9. Qa4+ Bd7 10. Qd1 Bb4+ 11. Bd2 a5 12. a3 Bd6 13. Nc3 O-O 14. O-O c6 15. Nge4 Nxe4 16. Nxe4 Bf5 17. g4 Bg6 18. Bg5 f6 19. Be3 cxd5 20. cxd5 Bf7 21. Bxd4 exd4 22. f3 Bxd5 23. Qd2 g5 24. Ng3 Bf4 25. Qg2 Qd7 26. Nf5 Rae8 27. Rfe1 Be3+ 28. Kh1 Qc6 29. Rf1 Be6 30. Ng3 Rc8 31. Rae1 Bd5 32. Nf5 Rfe8 33. Qh3 Qd7 34. Qh6 Qf7 35. Qh3 Qg6 36. Qg3 Rc2 37. Nd6 Re7 38. Nf5 Rec7 39. Qd6 h5 40. Qxd5+ Kh7 41. Nxe3 dxe3 42. Rxe3 hxg4 43. fxg4 Qh6 44. Qd6 Qh4 45. Re7+ Rxe7 46. Qxe7+ Kg8 47. Qd8+ Kh7 48. Qe7+ Kg8 49. Qe8+ Kh7 50. Qe7+ 1/2-1/2


[Site "https://www.chess.com"]

[Event "Titled Tuesday Blitz May 23 Late 2023"]
[White "Djordjevic, Dejan N"]
[Black "FuenfgegenWilly"]
[WhiteFideId "913316"]
[WhiteElo "2261"]
[BlackElo "2361"]
[Result "0-1"]
[Round "07"]
[TimeControl "180+2"]
[Date "2023.05.23"]
[WhiteClock "0:00:07"]
[BlackClock "0:00:12"]

1. e4 e5 2. Nf3 Nc6 3. Bc4 Nf6 4. d3 h6 5. O-O d6 6. Re1 Ne7 7. Nbd2 g5 8. Nf1 Ng6 9. Ng3 g4 10. Nd2 h5 11. Nb3 Be7 12. d4 exd4 13. Nxd4 Ne5 14. Bf1 h4 15. Ngf5 h3 16. Bf4 Ng6 17. Bg3 Kf8 18. Qe2 c5 19. Nxe7 Qxe7 20. Nb5 Ne5 21. Rad1 hxg2 22. Bxg2 Ne8 23. Qd2 f6 24. Nxd6 Nxd6 25. Qxd6 Qxd6 26. Rxd6 Ke7 27. Bxe5 fxe5 28. Rd5 Be6 29. Rxc5 Rac8 30. Rxc8 Rxc8 31. c3 Rd8 32. Bf1 a5 33. Kg2 a4 34. a3 Rd2 35. Re2 Rd1 36. Re3 Rd2 37. Bb5 Rxb2 38. Bxa4 Ra2 39. c4 Bxc4 40. Bd1 Be6 41. Kg3 Rd2 42. f3 Rxd1 43. fxg4 Rg1+ 44. Kf2 Rxg4 45. a4 Rf4+ 46. Ke2 Bc4+ 47. Kd2 Ba6 48. h3 Rf2+ 49. Kc3 Rh2 50. Kb4 Kd6 51. Ka5 Kc5 0-1


[Site "https://www.chess.com"]

[Event "Titled Tuesday Blitz May 23 Late 2023"]
[White "coquitovich"]
[Black "Ammar, Sedrani"]
[BlackFideId "9312331"]
[WhiteElo "2151"]
[BlackElo "2115"]
[Result "0-1"]
[Round "07"]
[TimeControl "180+2"]
[Date "2023.05.23"]
[WhiteClock "0:00:00"]
[BlackClock "0:01:13"]

1. Nf3 b6 2. g3 Bb7 3. Bg2 e6 4. O-O Nf6 5. d3 Be7 6. e4 O-O 7. Nbd2 d6 8. Nh4 Nbd7 9. f4 Ne8 10. Qg4 Bxh4 11. gxh4 f5 12. Qg3 Nef6 13. Nf3 fxe4 14. Ng5 Qe7 15. Nxe4 Nxe4 16. dxe4 Nf6 17. Re1 e5 18. f5 Rad8 19. Bg5 Kh8 20. Rad1 h6 21. Bxf6 Qxf6 22. c4 Rd7 23. Rd2 Qf7 24. b3 a5 25. Red1 a4 26. Qe3 Bc6 27. Bf1 axb3 28. axb3 Ra8 29. Bg2 Ra3 30. Qc3 Rd8 31. Ra1 Rda8 32. Rxa3 Rxa3 33. Qb2 Ra8 34. Qc3 Qf6 35. Qg3 Ra1+ 36. Bf1 Bxe4 37. Rf2 Rd1 38. Qg4 Rd4 39. h5 Qg5 40. Qxg5 hxg5 41. f6 gxf6 42. Rxf6 Kg7 43. Re6 Rd1 44. Kf2 Kf7 45. Rh6 Rb1 0-1


[Site "https://www.chess.com"]

[Event "Titled Tuesday Blitz May 23 Late 2023"]
[White "Chabris, Christopher"]
[Black "Osiecki, Stanislaw"]
[WhiteFideId "2005263"]
[BlackFideId "1102990"]
[WhiteElo "2355"]
[BlackElo "2088"]
[Result "1-0"]
[Round "07"]
[TimeControl "180+2"]
[Date "2023.05.23"]
[WhiteClock "0:00:23"]
[BlackClock "0:00:22"]

1. e4 e6 2. d4 d5 3. Nc3 Bb4 4. e5 c5 5. a3 Bxc3+ 6. bxc3 Qc7 7. h4 cxd4 8. cxd4 Qc3+ 9. Bd2 Qxd4 10. Nf3 Qe4+ 11. Be3 Nc6 12. Bd3 Qg4 13. h5 Qxg2 14. Rg1 Qh3 15. Ng5 Qh4 16. Bb5 Ne7 17. Qf3 O-O 18. Rh1 Nxe5 19. Rxh4 Nxf3+ 20. Nxf3 Nf5 21. Rh1 Nd6 22. Be2 Bd7 23. Bc5 Ne4 24. Bxf8 Rxf8 25. Bd3 f5 26. Ne5 Be8 27. Ke2 b6 28. Rag1 Kh8 29. f4 b5 30. Bxe4 fxe4 31. Ke3 a5 32. Rg5 b4 33. axb4 axb4 34. Rhg1 Rg8 35. h6 g6 36. Ng4 Ba4 37. Re5 Rc8 38. Rxe6 Rc3+ 39. Kd4 Rxc2 40. Re7 Rc8 41. Nf6 1-0


[Site "https://www.chess.com"]

[Event "Titled Tuesday Blitz May 23 Late 2023"]
[White "dorpato"]
[Black "Sarkar, Justin"]
[BlackFideId "2010011"]
[WhiteElo "2053"]
[BlackElo "2168"]
[Result "0-1"]
[Round "07"]
[TimeControl "180+2"]
[Date "2023.05.23"]
[WhiteClock "0:00:10"]
[BlackClock "0:00:42"]

1. e4 e5 2. d4 exd4 3. Nf3 Bb4+ 4. c3 dxc3 5. Nxc3 Nf6 6. Bc4 O-O 7. e5 d5 8. exf6 dxc4 9. fxg7 Qxd1+ 10. Kxd1 Kxg7 11. Kc2 c6 12. Nd4 Na6 13. Be3 Be7 14. a3 c5 15. Nf3 Bf5+ 16. Kd2 Rad8+ 17. Ke2 Nc7 18. Rad1 Bd3+ 19. Ke1 Bf6 20. Ne4 Bxe4 21. Bxc5 Rfe8 22. Rxd8 Rxd8 23. Bxa7 Bxb2 24. Bb6 c3 25. Bxc7 c2 26. Bf4 Rd1+ 0-1


[Site "https://www.chess.com"]

[Event "Titled Tuesday Blitz May 23 Late 2023"]
[White "Ottosen, David"]
[Black "Shapiro, Daniel"]
[WhiteFideId "2603080"]
[BlackFideId "2001780"]
[WhiteElo "2043"]
[BlackElo "2336"]
[Result "0-1"]
[Round "07"]
[TimeControl "180+2"]
[Date "2023.05.23"]
[WhiteClock "0:01:43"]
[BlackClock "0:01:00"]

1. e4 c5 2. Nf3 e6 3. d4 cxd4 4. Nxd4 a6 5. Bd3 g6 6. Be3 Bg7 7. Nc3 Ne7 8. Qd2 d5 9. O-O-O e5 10. exd5 exd4 11. Bg5 dxc3 12. Qe3 cxb2+ 13. Kb1 h6 14. d6 hxg5 15. dxe7 Qxe7 16. Qb6 Be6 17. Rhe1 Nd7 18. Qxb7 Rb8 19. Qxa6 O-O 20. Bxg6 Ra8 21. Bxf7+ Kxf7 0-1


[Site "https://www.chess.com"]

[Event "Titled Tuesday Blitz May 23 Late 2023"]
[White "Estrada Nieto, Julian"]
[Black "Sailer, Mike"]
[WhiteFideId "5101018"]
[BlackFideId "2012901"]
[WhiteElo "2161"]
[BlackElo "2109"]
[Result "0-1"]
[Round "07"]
[TimeControl "180+2"]
[Date "2023.05.23"]
[WhiteClock "0:00:16"]
[BlackClock "0:00:11"]

1. e4 d5 2. exd5 Qxd5 3. Nc3 Qd6 4. d4 Nf6 5. Nf3 c6 6. Ne5 Nbd7 7. Bf4 Nxe5 8. Bxe5 Qb4 9. a3 Qa5 10. b4 Qd8 11. Bc4 Bg4 12. f3 Bh5 13. O-O e6 14. Qe1 Bd6 15. Rd1 O-O 16. Qg3 Bxe5 17. dxe5 Nd5 18. Ne4 Qb6+ 19. Kh1 Bg6 20. Bxd5 cxd5 21. Nc5 Rad8 22. c3 Qb5 23. f4 b6 24. Nb3 Qa4 25. Nd4 Qxa3 26. Ra1 Qb2 27. b5 Rc8 28. Nc6 Rc7 29. Rfb1 Bxb1 30. h4 Qxa1 31. Kh2 Bf5 32. h5 h6 33. Qf3 Qb1 34. Nd4 Qe4 35. Qg3 Rc4 36. Qh4 Rxd4 37. cxd4 Qxd4 38. Qg3 Qe4 39. Qf2 d4 40. Kg3 Qe3+ 41. Qxe3 dxe3 42. Kf3 Rc8 43. g4 Bxg4+ 44. Kxe3 Bxh5 45. Kd4 Rc5 46. f5 exf5 47. e6 fxe6 48. Ke3 Rxb5 49. Kd4 Rc5 0-1


[Site "https://www.chess.com"]

[Event "Titled Tuesday Blitz May 23 Late 2023"]
[White "Bruedigam, Martin"]
[Black "Romero Ruscalleda, Josep"]
[WhiteFideId "24608033"]
[BlackFideId "2231859"]
[WhiteElo "2331"]
[BlackElo "2183"]
[Result "1-0"]
[Round "07"]
[TimeControl "180+2"]
[Date "2023.05.23"]
[WhiteClock "0:00:26"]
[BlackClock "0:00:12"]

1. d4 g6 2. c4 Bg7 3. Nc3 d6 4. e4 e5 5. d5 Ne7 6. f3 f5 7. Be3 O-O 8. Qd2 c6 9. h3 cxd5 10. cxd5 Nd7 11. Bc4 a6 12. a4 Qc7 13. Bd3 Nc5 14. Bc2 fxe4 15. fxe4 b6 16. Nf3 Bd7 17. O-O b5 18. b4 Nxa4 19. Nxa4 bxa4 20. Bxa4 Bxa4 21. Rxa4 Qc4 22. Bg5 Rf7 23. Qe3 a5 24. Rfa1 Rb8 25. bxa5 Qa6 26. Rc1 Rb2 27. Kh1 Qb5 28. Rca1 Nc8 29. a6 Na7 30. Kh2 Rb3 31. Qf2 h6 32. Bc1 g5 33. R4a3 Rb4 34. Qe1 Rb1 35. Rxb1 Qxb1 36. Bd2 Bf6 37. Qxb1 1-0


[Site "https://www.chess.com"]